 Dungeon Crawl Stone Soup version 0.30-a0-639-g3916f1956a (webtiles) character file.

Game seed: 2577026378382153382

151 Zonian the Chiller (level 5, 0/35 HPs)
             Began as a Demonspawn Ice Elementalist on Jan 16, 2023.
             Slain by a phantom (6 damage)
             ... on level 3 of the Dungeon.
             The game lasted 00:05:40 (3191 turns).

Zonian the Chiller (Demonspawn Ice Elementalist)    Turns: 3191, Time: 00:05:40

Health: 0/35       AC:  5    Str:  8    XL:     5   Next: 10%
Magic:  6/9        EV: 13    Int: 17    God:
Gold:   116        SH:  0    Dex: 15    Spells: 5/9 levels left

rFire   . . .      SeeInvis .    g - +3 short sword (venom)
rCold   . . .      Faith    .    (no shield)
rNeg    . . .      Spirit   .    a - +0 robe
rPois   .          Reflect  .    (helmet restricted)
rElec   .          Harm     .    (no cloak)
rCorr   .          Rampage  .    q - +0 pair of gloves
Will    .....                    (no boots)
Stlth   ++                       (no amulet)
HPRegen 0.25/turn                (no ring)
MPRegen 0.11/turn                (no ring)

@: no status effects
A: antennae 1, molten scales 1
a: no special abilities


You were on level 3 of the Dungeon.
You visited 1 branch of the dungeon, and saw 3 of its levels.

You collected 116 gold pieces.

Inventory:

Hand Weapons
 c - a +0 dagger
 e - a +0 short sword
 g - a +3 short sword of venom (weapon)
Armour
 a - a +0 robe (worn)
 q - a +0 pair of gloves (worn)
Jewellery
 n - an amulet of faith
Scrolls
 f - a scroll of blinking
 h - a scroll of immolation {unknown}
 j - a scroll of magic mapping {unknown}
 k - 5 scrolls of identify {unknown}
 p - 3 scrolls of teleportation
 r - a scroll of poison {unknown}
Potions
 b - a potion of magic
 d - a potion of flight {unknown}
 i - a potion of curing {unknown}
 l - a potion of attraction {unknown}
 m - a potion of might {unknown}
 o - a potion of degeneration {unknown}
 s - a potion of cancellation {unknown}


   Skills:
 + Level 2.8 Dodging
 + Level 3.0 Stealth
 + Level 2.9 Spellcasting
 + Level 4.3 Ice Magic


You had 5 spell levels left.
You knew the following spells:

 Your Spells              Type           Power      Damage    Failure   Level
a - Freeze                Ice            68%        1d8       3%          1
b - Frozen Ramparts       Ice            34%        1d6       9%          3

Your spell library contained the following spells:

 Spells                   Type           Power      Damage    Failure   Level
 Ozocubu's Armour         Ice            17%        N/A       9%          3
 Foxfire                  Conj/Fire      8%         2x1d4     19%         1
 Shock                    Conj/Air       8%         1d3       19%         1
 Swiftness                Air            2%         N/A       47%         3
 Summon Ice Beast         Ice/Summ       9%         N/A       58%         4
 Airstrike                Air            1%         2d(1-17)  87%         4
 Fireball                 Conj/Fire      1%         3d3       99%         5
 Starburst                Conj/Fire      1%         6d3       100%        6


Dungeon Overview and Level Annotations

Branches:
Dungeon (3/15)

Altars:


Innate Abilities, Weirdness & Mutations

You have a pair of small antennae on your head.
You are partially covered in molten scales. (AC +2)


Message History

Press: ? - help, Shift-Dir - straight line, f/p - phantom
Aim: a phantom (severely damaged)
You freeze the phantom.
The phantom resists.
The phantom is severely damaged.
The phantom hits you but does no damage.
Unknown command.
You barely miss the phantom.
The phantom is severely damaged.
The phantom hits you.
You miss the phantom.
The phantom is severely damaged.
The phantom hits you.
* * * LOW HITPOINT WARNING * * *
Unknown command.
Casting: Freeze (safe; 3% risk of failure)
Confirm with . or Enter, or press ? or * to list all spells.
Aiming: Freeze (safe; 3% risk of failure)
Press: ? - help, Shift-Dir - straight line, f/p - phantom
Aim: a phantom (severely damaged)
You freeze the phantom.
The phantom resists.
The phantom is severely damaged.
The phantom hits you.
* * * LOW HITPOINT WARNING * * *
The phantom blinks!
You blink.
Found 12 gold pieces.
Unknown command.
Casting: Freeze (safe; 3% risk of failure)
Confirm with . or Enter, or press ? or * to list all spells.
Aiming: Freeze (safe; 3% risk of failure)
Press: ? - help, Shift-Dir - straight line, f/p - phantom
Aim: a phantom (severely damaged)
You freeze the phantom.
The phantom resists.
The phantom is severely damaged.
The phantom hits you.
* * * LOW HITPOINT WARNING * * *
The phantom blinks!
You blink.
Unknown command.
You hit the phantom but do no damage.
The phantom is severely damaged.
The phantom hits you.
You die...

#.........
#........#
#........#
#####.##.( #
########## .......
.#.#........#
.#...#.#
............# #
#.#....
.......W....#
.......
.......@..$.#.#
.#......
.....#....###.# ...
.....#....# .# # .
...#....# .#
..#....# .#
###.#...§###.#
#......§.....######
#...>..............
#....)....§.####...


You could see a phantom.

Vanquished Creatures
  5 gnolls
  4 adders
  A worm (D:2)
  3 dart slugs
  3 bats
  7 endoplasms
  A giant cockroach (D:3)
  6 goblins
  6 hobgoblins
  10 kobolds
  A quokka (D:1)
  3 ball pythons (D:1)
  5 frilled lizards
  3 rats
58 creatures vanquished.

Vanquished Creatures (others)
  10 plants (D:2)
10 creatures vanquished.

Grand Total: 68 creatures vanquished

Notes
Turn   | Place    | Note
-------+----------+-------------------------------------------
     0 | D:1      | Zonian the Demonspawn Ice Elementalist began the quest for
                  | the Orb.
     0 | D:1      | Reached XP level 1. HP: 13/13 MP: 3/3
   358 | D:1      | Gained mutation: You are partially covered in molten
                  | scales. (AC +2) [demonic ancestry]
   358 | D:1      | Reached XP level 2. HP: 15/19 MP: 3/5
   937 | D:1      | Gained mutation: You have a pair of small antennae on your
                  | head. [demonic ancestry]
   937 | D:1      | Reached XP level 3. HP: 20/24 MP: 6/6
  1411 | D:2      | Reached skill level 4 in Ice Magic
  1655 | D:2      | Reached XP level 4. HP: 26/30 MP: 7/7
  1778 | D:2      | Learned a level 3 spell: Frozen Ramparts
  2691 | D:3      | HP: 1/30 [gnoll/+0 whip (3)]
  2693 | D:3      | Reached XP level 5. HP: 2/35 MP: 6/9
  3170 | D:3      | Noticed a phantom
  3191 | D:3      | Slain by a phantom

Illustrated notes

Levels and vault maps discovered:
D:1:      saegor_arrival_simple_d, layout_loops_corners
D:2:      minmay_skewed_foursquare, layout_loops_ring,
          nicolae_concentric_dashed_squares_mild, lexackson_kobold_supper
D:3:      layout_basic

Skill      XL: |  1  2  3  4 |
---------------+-------------+-----
Dodging        | 2 |  2.8
Stealth        | 2 3 |  3.0
Ice Magic      | 4 |  4.3
Spellcasting   | |  2.9

Action                   |  1- 3 |  4- 6 || total
-------------------------+-------+-------++-------
Melee: Dagger            |    16 |       ||    16
       Unarmed           |     8 |       ||     8
       Short sword       |    83 |    83 ||   166
       Punch             |     1 |     1 ||     2
 Cast: Freeze            |     9 |     6 ||    15
  Use: Scroll            |       |     5 ||     5
 Stab: Sleeping          |     6 |     3 ||     9
       Distracted        |     1 |       ||     1
Armor: Robe              |    30 |    14 ||    44
Dodge: Dodged            |    76 |    46 ||   122

Table legend: (Time is in decaauts)
 A = Elapsed time spent in this place.
 B = Non-inter-level travel time spent in this place.
 C = Inter-level travel time spent in this place.
 D = Time resting spent in this place.
 E = Time spent auto-exploring this place.
 F = Levels seen in this place.
 G = Mean time per level.
                   A        B        C        D        E       F      G
               +--------+--------+--------+--------+--------+-----+--------+
         Total |   3190 |   3069 |    121 |    522 |   1871 |   3 | 1063.3 |
       Dungeon |   3190 |   3069 |    121 |    522 |   1871 |   3 | 1063.3 |
               +--------+--------+--------+--------+--------+-----+--------+

Top non-repeatable levels by time:
     D:1: 1303 daAuts
     D:2: 1114 daAuts
     D:3: 771 daAuts
